Montreal Canadiens vs Calgary Flames
Created - Friday, April 14, 2023 at 07:06
Goals
|
| Montreal Canadiens |
0 |
1 |
3 |
4 |
| Calgary Flames |
0 |
0 |
2 |
2 |
|
Shots
|
| Montreal Canadiens |
10 |
18 |
10 |
38 |
| Calgary Flames |
7 |
13 |
14 |
34 |
|
1st period
No Goal
Penalties :
Filip Forsberg (MTL) for Slashing (Minor) at 1:05, Drew Doughty (CGY) for Hooking (Minor) at 15:37
2nd period
1. Montreal Canadiens , Tomas Nosek 3 (Jack Quinn 2, Scott Mayfield 4) at 11:27
Penalties :
Joel Eriksson Ek (CGY) for Hooking (Minor) at 14:30
3rd period
2. Calgary Flames , Zach Hyman 5 (Kris Russell 6) at 3:06
3. Calgary Flames , Zach Hyman 6 (Joel Eriksson Ek 8) at 10:53 (PP)
4. Montreal Canadiens , Miles Wood 9 (Jake Evans 7) at 14:42
5. Montreal Canadiens , Jack Quinn 3 (Rasmus Asplund 5, Alexandre Carrier 4) at 18:24
6. Montreal Canadiens , Filip Forsberg 16 (Sidney Crosby 27, Tyler Myers 7) at 19:17 (Empty Net)
Penalties :
Max Pacioretty (CGY) for High sticking (Minor) at 5:34, Scott Mayfield (MTL) for Boarding (Minor) at 8:54
Goalie Stats
Jacob Markstrom (MTL), 32 saves from 34 shots - (0.941), W, 11-6-3, 60:00 minutes
Thatcher Demko (CGY), 34 saves from 37 shots - (0.919), L, 10-6-3, 59:44 minutes
Players Stats for Montreal Canadiens
Player Name G A P +/- PIM S H SB GA TA FO MP PP MP PK MP
------------------------------------------------------------------------------------
Adam Fox 0 0 0 2 0 2 0 0 0 1 0/0 28:59 3:49 2:28
Alexandre Carrier 0 1 1 0 0 1 1 0 0 0 0/0 12:17 0:00 0:40
Brady Skjei 0 0 0 1 0 0 1 0 0 0 0/0 19:24 2:08 1:30
Christian Fischer 0 0 0 0 0 0 0 0 1 0 0/1 12:36 0:05 1:16
Filip Forsberg 1 0 1 0 2 2 4 0 3 0 0/2 22:07 3:21 1:29
Jack Quinn 1 1 2 2 0 2 0 0 1 1 0/0 7:34 0:00 0:00
Jake Evans 0 1 1 1 0 0 0 1 0 0 1/1 16:29 2:31 0:00
Marco Scandella 0 0 0 0 0 0 0 0 0 0 0/0 11:37 0:00 0:00
Martin Necas 0 0 0 1 0 6 0 0 0 1 4/16 16:29 2:31 0:00
Matty Beniers 0 0 0 0 0 3 3 1 1 0 3/10 11:20 0:05 0:00
Miles Wood 1 0 1 1 0 6 1 0 1 0 1/1 17:39 2:31 1:00
Patrik Laine 0 0 0 0 0 7 3 0 0 0 1/4 21:55 3:21 1:26
Rasmus Asplund 0 1 1 2 0 1 0 0 0 0 0/0 7:34 0:00 0:00
Scott Mayfield 0 1 1 1 2 1 0 4 0 1 0/0 18:43 2:08 0:50
Sidney Crosby 0 1 1 0 0 4 0 0 1 0 16/35 23:15 3:21 2:36
Tomas Nosek 1 0 1 2 0 1 2 0 0 0 2/4 7:34 0:00 0:00
Tyler Myers 0 1 1 2 0 0 1 0 0 1 0/0 28:59 3:49 2:28
Tyson Jost 0 0 0 0 0 2 0 0 0 0 0/0 11:29 0:05 0:09
Players Stats for Calgary Flames
Player Name G A P +/- PIM S H SB GA TA FO MP PP MP PK MP
------------------------------------------------------------------------------------
Drew Doughty 0 0 0 -2 2 2 0 0 1 2 0/0 24:11 2:09 2:08
Garnet Hathaway 0 0 0 -1 0 0 0 0 0 0 0/0 6:40 0:00 0:00
J.T. Miller 0 0 0 -2 0 6 0 0 1 0 14/22 18:26 1:44 0:05
Jeff Petry 0 0 0 -2 0 1 0 2 0 2 0/0 25:25 2:09 3:22
Joel Eriksson Ek 0 1 1 -1 2 3 2 0 0 0 2/2 14:21 2:01 0:00
Kris Russell 0 1 1 0 0 0 0 1 0 0 0/0 16:07 0:00 1:02
Logan Couture 0 0 0 -1 0 1 1 0 0 0 12/20 17:24 1:57 3:15
Mathieu Joseph 0 0 0 -1 0 0 0 1 1 0 1/1 14:33 0:13 1:53
Max Pacioretty 0 0 0 -1 2 3 0 0 0 0 0/2 16:35 0:10 0:00
Nic Dowd 0 0 0 -1 0 0 0 0 0 1 2/3 7:36 0:00 0:44
Oskar Lindblom 0 0 0 -1 0 0 0 0 0 0 0/0 6:40 0:00 0:00
Ryan Ellis 0 0 0 -1 0 3 0 1 0 1 0/0 16:54 1:49 0:00
Ryan McDonagh 0 0 0 0 0 0 1 1 0 0 0/0 17:53 0:00 2:47
Sebastian Aho 0 0 0 0 0 5 0 0 0 0 11/17 17:21 0:00 2:32
Timo Meier 0 0 0 -1 0 2 2 0 1 0 1/1 17:58 1:51 0:00
Travis Sanheim 0 0 0 -1 0 0 1 1 0 2 0/0 19:30 1:49 2:35
Valeri Nichushkin 0 0 0 1 0 3 2 0 0 0 2/4 16:26 1:57 0:14
Zach Hyman 2 0 2 0 0 5 3 0 1 0 1/2 20:00 2:01 3:11
3 Stars
1 - Jack Quinn (MTL)
2 - Zach Hyman (CGY)
3 - Tomas Nosek (MTL)
Power Play
Montreal Canadiens - 0 on 3 Attempt(s) - 0.00%
Calgary Flames - 1 on 2 Attempt(s) - 50.00%
Penalty Kill
Montreal Canadiens - 1 on 2 Attempt(s) - 50.00%
- Score 0 goal in Penalty Kill
Calgary Flames - 3 on 3 Attempt(s) - 100.00%
- Score 0 goal in Penalty Kill
Team Stat
Montreal Canadiens - Hits : 16 - Faceoff Wins : 28 - Blocked Shots : 6 - Penalty Minutes : 4
Calgary Flames - Hits : 12 - Faceoff Wins : 46 - Blocked Shots : 7 - Penalty Minutes : 6
Official
Referees : Gord Dwyer and Justin StPierre
Linesman : Scott Cherrey and Brandon Gawryletz
Game Notes
Filip Forsberg has scored in a empty net!
Finance
Level 1 -- Attendance: 5188 (86.47%) -- Ticket Income $518,800
Level 2 -- Attendance: 4180 (83.60%) -- Ticket Income $250,800
Level 3 -- Attendance: 2335 (77.83%) -- Ticket Income $81,725
Level 4 -- Attendance: 3640 (72.80%) -- Ticket Income $91,000
Luxury Box -- Attendance: 787 (78.70%) -- Ticket Income $157,400
Game was played at the Scotiabank Saddledome.
Total Attendance: 16130 (80.65%)
Total Ticket Income: $1,099,725
Other Income: $384,904
Total Income: $1,484,629
Montreal Canadiens
5 vs 5 Forward
Center Left Wing Right Wing Time % Phy DF OF
1 Sidney Crosby Filip Forsberg Patrik Laine 40 1 2 2
2 Martin Necas Miles Wood Jake Evans 30 1 2 2
3 Matty Beniers Tyson Jost Christian Fischer 20 1 2 2
4 Tomas Nosek Rasmus Asplund Jack Quinn 10 1 2 2
5 vs 5 Defense
Defense Defense Time % Phy DF OF
1 Adam Fox Tyler Myers 40 1 2 2
2 Brady Skjei Scott Mayfield 30 1 2 2
3 Marco Scandella Alexandre Carrier 20 1 2 2
4 Adam Fox Tyler Myers 10 1 2 2
PowerPlay Forward
Center Left Wing Right Wing Time % Phy DF OF
1 Sidney Crosby Filip Forsberg Patrik Laine 60 1 2 2
2 Martin Necas Miles Wood Jake Evans 40 1 2 2
PowerPlay Defense
Defense Defense Time % Phy DF OF
1 Adam Fox Tyler Myers 60 1 2 2
2 Brady Skjei Scott Mayfield 40 1 2 2
Penalty Kill 4 Players Forward
Center Wing Time % Phy DF OF
1 Sidney Crosby Filip Forsberg 60 1 2 2
2 Patrik Laine Miles Wood 40 1 2 2
Penalty Kill 4 Players Defense
Defense Defense Time % Phy DF OF
1 Adam Fox Tyler Myers 60 1 2 2
2 Brady Skjei Scott Mayfield 40 1 2 2
Penalty Kill - 3 Players Forward
Forward Time % Phy DF OF
1 Sidney Crosby 60 1 2 2
2 Filip Forsberg 40 1 2 2
Penalty Kill - 3 Players Defense
Defense Defense Time % Phy DF OF
1 Adam Fox Tyler Myers 60 1 2 2
2 Brady Skjei Scott Mayfield 40 1 2 2
4 vs 4 Forward
Center Wing Time % Phy DF OF
1 Sidney Crosby Filip Forsberg 60 1 2 2
2 Patrik Laine Miles Wood 40 1 2 2
4 vs 4 Defense
Defense Defense Time % Phy DF OF
1 Adam Fox Tyler Myers 60 1 2 2
2 Brady Skjei Scott Mayfield 40 1 2 2
Last Minutes Offensive
Center Left Wing Right Wing Defense Defense
Sidney Crosby Filip Forsberg Patrik Laine Adam Fox Tyler Myers
Last Minutes Defensive
Center Left Wing Right Wing Defense Defense
Sidney Crosby Filip Forsberg Patrik Laine Adam Fox Tyler Myers
Goaltenders
Starting : Jacob Markstrom
Backup : Daniel Vladar
Extra Forwards
Normal : Matty Beniers, Tyson Jost, Christian Fischer - PP : Matty Beniers, Tyson Jost - PK : Christian Fischer
Extra Defensemen
Normal : Marco Scandella, Alexandre Carrier, Brady Skjei - PP : Marco Scandella - PK : Alexandre Carrier, Brady Skjei
Penalty Shots
Sidney Crosby, Filip Forsberg, Patrik Laine, Miles Wood, Martin Necas
Calgary Flames
5 vs 5 Forward
Center Left Wing Right Wing Time % Phy DF OF
1 J.T. Miller Max Pacioretty Timo Meier 34 0 0 5
2 Sebastian Aho Zach Hyman Valeri Nichushkin 33 0 0 5
3 Logan Couture Mathieu Joseph Joel Eriksson Ek 25 0 2 3
4 Nic Dowd Oskar Lindblom Garnet Hathaway 8 1 3 1
5 vs 5 Defense
Defense Defense Time % Phy DF OF
1 Drew Doughty Jeff Petry 30 0 3 2
2 Travis Sanheim Ryan Ellis 30 0 3 2
3 Ryan McDonagh Kris Russell 30 0 3 2
4 Drew Doughty Jeff Petry 10 0 3 2
PowerPlay Forward
Center Left Wing Right Wing Time % Phy DF OF
1 J.T. Miller Logan Couture Valeri Nichushkin 50 0 0 5
2 Joel Eriksson Ek Timo Meier Zach Hyman 50 0 0 5
PowerPlay Defense
Defense Defense Time % Phy DF OF
1 Drew Doughty Jeff Petry 50 0 2 3
2 Travis Sanheim Ryan Ellis 50 0 2 3
Penalty Kill 4 Players Forward
Center Wing Time % Phy DF OF
1 Logan Couture Zach Hyman 60 0 4 1
2 Sebastian Aho Mathieu Joseph 40 0 4 1
Penalty Kill 4 Players Defense
Defense Defense Time % Phy DF OF
1 Drew Doughty Jeff Petry 60 1 2 2
2 Travis Sanheim Ryan McDonagh 40 1 2 2
Penalty Kill - 3 Players Forward
Forward Time % Phy DF OF
1 Nic Dowd 60 0 5 0
2 Logan Couture 40 0 5 0
Penalty Kill - 3 Players Defense
Defense Defense Time % Phy DF OF
1 Drew Doughty Jeff Petry 60 1 2 2
2 Travis Sanheim Ryan McDonagh 40 1 2 2
4 vs 4 Forward
Center Wing Time % Phy DF OF
1 Joel Eriksson Ek Max Pacioretty 60 1 2 2
2 Logan Couture Timo Meier 40 1 2 2
4 vs 4 Defense
Defense Defense Time % Phy DF OF
1 Drew Doughty Jeff Petry 60 1 2 2
2 Travis Sanheim Ryan Ellis 40 1 2 2
Last Minutes Offensive
Center Left Wing Right Wing Defense Defense
J.T. Miller Sebastian Aho Zach Hyman Drew Doughty Jeff Petry
Last Minutes Defensive
Center Left Wing Right Wing Defense Defense
J.T. Miller Sebastian Aho Logan Couture Drew Doughty Ryan McDonagh
Goaltenders
Starting : Thatcher Demko
Backup : Sam Montembeault
Extra Forwards
Normal : Max Pacioretty, Mathieu Joseph, Timo Meier - PP : Max Pacioretty, Mathieu Joseph - PK : Nic Dowd
Extra Defensemen
Normal : Ryan McDonagh, Kris Russell, Travis Sanheim - PP : Ryan McDonagh - PK : Kris Russell, Travis Sanheim
Penalty Shots
J.T. Miller, Sebastian Aho, Valeri Nichushkin, Max Pacioretty, Joel Eriksson Ek
% Time on Ice - Montreal Canadiens
Lines # - Real PCT - Wanted PCT - Time Play
Normal Forward
1 - 35% - 40% - 17:18
2 - 28% - 30% - 13:58
3 - 22% - 20% - 10:53
4 - 15% - 10% - 7:34
Normal Defense
1 - 40% - 40% - 19:59
2 - 32% - 30% - 15:46
3 - 23% - 20% - 11:37
4 - 5% - 10% - 2:21
PP Forward
1 - 58% - 60% - 3:26
2 - 42% - 40% - 2:31
PP Defense
1 - 64% - 60% - 3:49
2 - 36% - 40% - 2:08
PK Forward
1 - 77% - 60% - 3:04
2 - 23% - 40% - 0:54
PK Defense
1 - 62% - 60% - 2:28
2 - 38% - 40% - 1:30
PK3 Forward
1 - 0% - 60%
2 - 0% - 40%
PK3 Defense
1 - 0% - 60%
2 - 0% - 40%
44 Forward
1 - 0% - 60%
2 - 0% - 40%
44 Defense
1 - 0% - 60%
2 - 0% - 40%
Last Minute Offensive - 0:00
Last Minute Defensive - 0:22
Total
Forward - 60:00
Defense - 60:00
|
% Time on Ice - Calgary Flames
Lines # - Real PCT - Wanted PCT - Time Play
Normal Forward
1 - 33% - 34% - 16:28
2 - 29% - 33% - 14:24
3 - 25% - 25% - 12:11
4 - 13% - 8% - 6:40
Normal Defense
1 - 33% - 30% - 16:16
2 - 30% - 30% - 15:05
3 - 30% - 30% - 15:05
4 - 7% - 10% - 3:17
PP Forward
1 - 49% - 50% - 1:57
2 - 51% - 50% - 2:01
PP Defense
1 - 54% - 50% - 2:09
2 - 46% - 50% - 1:49
PK Forward
1 - 68% - 60% - 4:04
2 - 32% - 40% - 1:53
PK Defense
1 - 57% - 60% - 3:24
2 - 43% - 40% - 2:33
PK3 Forward
1 - 0% - 60%
2 - 0% - 40%
PK3 Defense
1 - 0% - 60%
2 - 0% - 40%
44 Forward
1 - 0% - 60%
2 - 0% - 40%
44 Defense
1 - 0% - 60%
2 - 0% - 40%
Last Minute Offensive - 0:22
Last Minute Defensive - 0:00
Total
Forward - 60:00
Defense - 60:00
|
Play-by-Play
1st period
0:01 of 1st period - J.T. Miller wins face-off versus Sidney Crosby in neutral zone.
0:06 of 1st period - Wrist shot by Max Pacioretty.
0:06 of 1st period - Stopped by Jacob Markstrom with a rebound.
0:12 of 1st period - Snap shot by Max Pacioretty.
0:12 of 1st period - Stopped by Jacob Markstrom without a rebound.
0:13 of 1st period - Sebastian Aho wins face-off versus Martin Necas in Montreal Canadiens zone.
0:22 of 1st period - Icing by Scott Mayfield.
0:23 of 1st period - Martin Necas wins face-off versus Sebastian Aho in Montreal Canadiens zone.
0:29 of 1st period - Off-side.
0:30 of 1st period - Matty Beniers wins face-off versus Logan Couture in neutral zone.
0:37 of 1st period - Slapshot by Matty Beniers.
0:37 of 1st period - Stopped by Thatcher Demko with a rebound.
0:39 of 1st period - Slapshot by Alexandre Carrier.
0:39 of 1st period - Stopped by Thatcher Demko with a rebound.
1:05 of 1st period - Minor Penalty to Filip Forsberg for Slashing.
1:06 of 1st period - Sidney Crosby wins face-off versus J.T. Miller in Montreal Canadiens zone.
1:38 of 1st period - Off-side.
1:39 of 1st period - Joel Eriksson Ek wins face-off versus Patrik Laine in neutral zone.
1:44 of 1st period - Wrist shot by Joel Eriksson Ek.
1:44 of 1st period - Stopped by Jacob Markstrom with a rebound.
3:05 of 1st period - Penalty to Filip Forsberg is over, Filip Forsberg is back on ice.
3:07 of 1st period - Jeff Petry is hit by Filip Forsberg and loses puck.
4:18 of 1st period - Icing by Sidney Crosby.
4:19 of 1st period - Sidney Crosby wins face-off versus Nic Dowd in Montreal Canadiens zone.
4:34 of 1st period - Slapshot by Drew Doughty.
4:34 of 1st period - Shot Blocked by Jake Evans.
6:02 of 1st period - Snap shot by Timo Meier.
6:02 of 1st period - Shot Misses the Net.
6:52 of 1st period - Snap shot by Miles Wood.
6:52 of 1st period - Stopped by Thatcher Demko without a rebound.
6:53 of 1st period - Valeri Nichushkin wins face-off versus Martin Necas in Calgary Flames zone.
7:00 of 1st period - Slapshot by Martin Necas.
7:00 of 1st period - Shot Misses the Net.
7:02 of 1st period - Slapshot by Martin Necas.
7:02 of 1st period - Stopped by Thatcher Demko with a rebound.
7:18 of 1st period - Slapshot by Matty Beniers.
7:18 of 1st period - Stopped by Thatcher Demko with a rebound.
7:30 of 1st period - Snap shot by Valeri Nichushkin.
7:30 of 1st period - Stopped by Jacob Markstrom without a rebound.
7:31 of 1st period - Sidney Crosby wins face-off versus Max Pacioretty in Montreal Canadiens zone.
7:42 of 1st period - Wrist shot by Patrik Laine.
7:42 of 1st period - Shot Misses the Net.
7:44 of 1st period - Slapshot by Filip Forsberg.
7:44 of 1st period - Shot Misses the Net.
7:46 of 1st period - Snap shot by Filip Forsberg.
7:46 of 1st period - Shot Hit the Post.
7:48 of 1st period - Slapshot by Scott Mayfield.
7:48 of 1st period - Deflect By Patrik Laine.
7:48 of 1st period - Shot Blocked by Ryan Ellis.
7:48 of 1st period - Puck is out of play.
7:49 of 1st period - Miles Wood wins face-off versus Logan Couture in Calgary Flames zone.
8:06 of 1st period - Martin Necas is hit by Joel Eriksson Ek and loses puck.
8:21 of 1st period - Wrist shot by Timo Meier.
8:21 of 1st period - Shot Misses the Net.
8:23 of 1st period - Slapshot by Drew Doughty.
8:23 of 1st period - Shot Misses the Net.
8:25 of 1st period - Wrist shot by J.T. Miller.
8:25 of 1st period - Shot Misses the Net.
8:27 of 1st period - Snap shot by J.T. Miller.
8:27 of 1st period - Stopped by Jacob Markstrom with a rebound.
9:07 of 1st period - Snap shot by Nic Dowd.
9:07 of 1st period - Shot Misses the Net.
9:09 of 1st period - Snap shot by Ryan McDonagh.
9:09 of 1st period - Deflect By Garnet Hathaway.
9:09 of 1st period - Shot Misses the Net.
9:09 of 1st period - Puck is out of play.
9:10 of 1st period - Sidney Crosby wins face-off versus Max Pacioretty in Montreal Canadiens zone.
9:34 of 1st period - Icing by Ryan Ellis.
9:35 of 1st period - Logan Couture wins face-off versus Martin Necas in Calgary Flames zone.
10:02 of 1st period - Logan Couture is hit by Matty Beniers and loses puck.
10:23 of 1st period - Wrist shot by Joel Eriksson Ek.
10:23 of 1st period - Stopped by Jacob Markstrom without a rebound.
10:24 of 1st period - Sidney Crosby wins face-off versus Sebastian Aho in Montreal Canadiens zone.
11:40 of 1st period - Off-side.
11:41 of 1st period - Tomas Nosek wins face-off versus Sebastian Aho in neutral zone.
11:46 of 1st period - Snap shot by Jack Quinn.
11:46 of 1st period - Deflect By Travis Sanheim.
11:46 of 1st period - Stopped by Thatcher Demko with a rebound.
11:48 of 1st period - Slapshot by Scott Mayfield.
11:48 of 1st period - Stopped by Thatcher Demko without a rebound.
11:49 of 1st period - Sidney Crosby wins face-off versus J.T. Miller in Calgary Flames zone.
12:00 of 1st period - Snap shot by Patrik Laine.
12:00 of 1st period - Stopped by Thatcher Demko without a rebound.
12:01 of 1st period - J.T. Miller wins face-off versus Sidney Crosby in Calgary Flames zone.
12:53 of 1st period - Wrist shot by Joel Eriksson Ek.
12:53 of 1st period - Shot Misses the Net.
12:55 of 1st period - Backhand shot by Drew Doughty.
12:55 of 1st period - Shot Misses the Net.
13:31 of 1st period - Garnet Hathaway is hit by Filip Forsberg and loses puck.
13:40 of 1st period - Slapshot by Sidney Crosby.
13:40 of 1st period - Shot Misses the Net.
13:42 of 1st period - Snap shot by Patrik Laine.
13:42 of 1st period - Stopped by Thatcher Demko without a rebound.
13:43 of 1st period - J.T. Miller wins face-off versus Martin Necas in Calgary Flames zone.
14:10 of 1st period - Ryan McDonagh is hit by Brady Skjei and loses puck.
15:24 of 1st period - Icing by Sebastian Aho.
15:25 of 1st period - Sidney Crosby wins face-off versus Sebastian Aho in Calgary Flames zone.
15:28 of 1st period - Snap shot by Sidney Crosby.
15:28 of 1st period - Stopped by Thatcher Demko with a rebound.
15:37 of 1st period - Minor Penalty to Drew Doughty for Hooking.
15:38 of 1st period - Logan Couture wins face-off versus Sidney Crosby in Calgary Flames zone.
15:43 of 1st period - Jeff Petry is hit by Filip Forsberg and loses puck.
16:23 of 1st period - Filip Forsberg is hit by Logan Couture and loses puck.
16:48 of 1st period - Wrist shot by Sebastian Aho.
16:48 of 1st period - Stopped by Jacob Markstrom with a rebound.
16:50 of 1st period - Backhand shot by Sebastian Aho.
16:50 of 1st period - Shot Misses the Net.
17:37 of 1st period - Penalty to Drew Doughty is over, Drew Doughty is back on ice.
18:06 of 1st period - Nic Dowd is hit by Tomas Nosek and loses puck.
18:24 of 1st period - Icing by Joel Eriksson Ek.
18:25 of 1st period - Logan Couture wins face-off versus Martin Necas in Calgary Flames zone.
18:51 of 1st period - Snap shot by Valeri Nichushkin.
18:51 of 1st period - Shot Misses the Net.
19:01 of 1st period - J.T. Miller is hit by Matty Beniers and loses puck.
19:27 of 1st period - Icing by Jack Quinn.
19:28 of 1st period - Tomas Nosek wins face-off versus Sebastian Aho in Montreal Canadiens zone.
19:28 of 1st period - Tomas Nosek is hit by Zach Hyman.
19:36 of 1st period - Slapshot by Scott Mayfield.
19:36 of 1st period - Shot Misses the Net.
Goals for this period are 0 for Montreal Canadiens vs 0 for Calgary Flames.
Shots for this period are 10 for Montreal Canadiens vs 7 for Calgary Flames.
2nd period
0:01 of 2nd period - Sebastian Aho wins face-off versus Sidney Crosby in neutral zone.
0:04 of 2nd period - Patrik Laine is hit by Valeri Nichushkin and loses puck.
0:11 of 2nd period - Sebastian Aho is hit by Tyler Myers and loses puck.
1:35 of 2nd period - Wrist shot by Miles Wood.
1:35 of 2nd period - Stopped by Thatcher Demko without a rebound.
1:36 of 2nd period - Logan Couture wins face-off versus Sidney Crosby in Calgary Flames zone.
1:36 of 2nd period - Logan Couture is hit by Patrik Laine.
1:46 of 2nd period - Wrist shot by Filip Forsberg.
1:46 of 2nd period - Stopped by Thatcher Demko with a rebound.
1:48 of 2nd period - Wrist shot by Patrik Laine.
1:48 of 2nd period - Shot Blocked by Mathieu Joseph.
1:50 of 2nd period - Snap shot by Patrik Laine.
1:50 of 2nd period - Stopped by Thatcher Demko without a rebound.
1:51 of 2nd period - Sebastian Aho wins face-off versus Sidney Crosby in Calgary Flames zone.
1:58 of 2nd period - Filip Forsberg is hit by Valeri Nichushkin and loses puck.
2:05 of 2nd period - Slapshot by Sebastian Aho.
2:05 of 2nd period - Stopped by Jacob Markstrom with a rebound.
2:07 of 2nd period - Slapshot by Jeff Petry.
2:07 of 2nd period - Stopped by Jacob Markstrom with a rebound.
3:26 of 2nd period - Wrist shot by Christian Fischer.
3:26 of 2nd period - Shot Blocked by Ryan McDonagh.
3:47 of 2nd period - Wrist shot by Sebastian Aho.
3:47 of 2nd period - Stopped by Jacob Markstrom with a rebound.
4:04 of 2nd period - Patrik Laine is hit by Timo Meier and loses puck.
5:04 of 2nd period - Snap shot by Miles Wood.
5:04 of 2nd period - Deflect By Ryan Ellis.
5:04 of 2nd period - Stopped by Thatcher Demko with a rebound.
5:06 of 2nd period - Wrist shot by Martin Necas.
5:06 of 2nd period - Stopped by Thatcher Demko with a rebound.
5:08 of 2nd period - Wrist shot by Martin Necas.
5:08 of 2nd period - Stopped by Thatcher Demko with a rebound.
5:50 of 2nd period - Wrist shot by Garnet Hathaway.
5:50 of 2nd period - Shot Misses the Net.
6:00 of 2nd period - Snap shot by Logan Couture.
6:00 of 2nd period - Stopped by Jacob Markstrom without a rebound.
6:01 of 2nd period - Jake Evans wins face-off versus Logan Couture in Montreal Canadiens zone.
6:10 of 2nd period - Snap shot by Martin Necas.
6:10 of 2nd period - Stopped by Thatcher Demko without a rebound.
6:11 of 2nd period - Sebastian Aho wins face-off versus Sidney Crosby in Calgary Flames zone.
7:00 of 2nd period - Snap shot by Matty Beniers.
7:00 of 2nd period - Shot Misses the Net.
7:02 of 2nd period - Snap shot by Tyson Jost.
7:02 of 2nd period - Stopped by Thatcher Demko with a rebound.
7:04 of 2nd period - Wrist shot by Tyson Jost.
7:04 of 2nd period - Deflect By Logan Couture.
7:04 of 2nd period - Shot Misses the Net.
7:04 of 2nd period - Puck is out of play.
7:05 of 2nd period - Sebastian Aho wins face-off versus Matty Beniers in Calgary Flames zone.
7:12 of 2nd period - Snap shot by Zach Hyman.
7:12 of 2nd period - Stopped by Jacob Markstrom without a rebound.
7:13 of 2nd period - Valeri Nichushkin wins face-off versus Sidney Crosby in Montreal Canadiens zone.
7:28 of 2nd period - Snap shot by Zach Hyman.
7:28 of 2nd period - Stopped by Jacob Markstrom with a rebound.
7:40 of 2nd period - Snap shot by Zach Hyman.
7:40 of 2nd period - Stopped by Jacob Markstrom without a rebound.
7:41 of 2nd period - J.T. Miller wins face-off versus Martin Necas in Montreal Canadiens zone.
7:46 of 2nd period - Wrist shot by J.T. Miller.
7:46 of 2nd period - Stopped by Jacob Markstrom with a rebound.
7:48 of 2nd period - Slapshot by Drew Doughty.
7:48 of 2nd period - Shot Blocked by Scott Mayfield.
7:50 of 2nd period - Snap shot by J.T. Miller.
7:50 of 2nd period - Shot Blocked by Scott Mayfield.
7:52 of 2nd period - Snap shot by J.T. Miller.
7:52 of 2nd period - Stopped by Jacob Markstrom without a rebound.
7:53 of 2nd period - Sebastian Aho wins face-off versus Sidney Crosby in Montreal Canadiens zone.
8:32 of 2nd period - Filip Forsberg is hit by Travis Sanheim and loses puck.
9:58 of 2nd period - Off-side.
9:59 of 2nd period - Sidney Crosby wins face-off versus J.T. Miller in neutral zone.
10:02 of 2nd period - Snap shot by Sidney Crosby.
10:02 of 2nd period - Stopped by Thatcher Demko with a rebound.
10:12 of 2nd period - Snap shot by Patrik Laine.
10:12 of 2nd period - Stopped by Thatcher Demko without a rebound.
10:13 of 2nd period - Sidney Crosby wins face-off versus Sebastian Aho in Calgary Flames zone.
11:17 of 2nd period - Icing by Drew Doughty.
11:18 of 2nd period - Nic Dowd wins face-off versus Tomas Nosek in Calgary Flames zone.
11:25 of 2nd period - Snap shot by Jack Quinn.
11:25 of 2nd period - Shot Blocked by Jeff Petry.
11:27 of 2nd period - Wrist shot by Tomas Nosek.
11:27 of 2nd period - Goal by Tomas Nosek - Montreal Canadiens : 1 - Calgary Flames : 0.
11:28 of 2nd period - J.T. Miller wins face-off versus Sidney Crosby in neutral zone.
11:35 of 2nd period - Snap shot by J.T. Miller.
11:35 of 2nd period - Stopped by Jacob Markstrom without a rebound.
11:36 of 2nd period - J.T. Miller wins face-off versus Sidney Crosby in Montreal Canadiens zone.
12:08 of 2nd period - Off-side.
12:09 of 2nd period - Sebastian Aho wins face-off versus Martin Necas in neutral zone.
12:26 of 2nd period - Snap shot by Valeri Nichushkin.
12:26 of 2nd period - Stopped by Jacob Markstrom without a rebound.
12:27 of 2nd period - Logan Couture wins face-off versus Sidney Crosby in Montreal Canadiens zone.
12:38 of 2nd period - Wrist shot by Joel Eriksson Ek.
12:38 of 2nd period - Deflect By Adam Fox.
12:38 of 2nd period - Shot Misses the Net.
12:38 of 2nd period - Puck is out of play.
12:39 of 2nd period - Sebastian Aho wins face-off versus Patrik Laine in Montreal Canadiens zone.
12:42 of 2nd period - Snap shot by Sebastian Aho.
12:42 of 2nd period - Shot Misses the Net.
12:52 of 2nd period - Wrist shot by Patrik Laine.
12:52 of 2nd period - Stopped by Thatcher Demko without a rebound.
12:53 of 2nd period - Martin Necas wins face-off versus Logan Couture in Calgary Flames zone.
12:56 of 2nd period - Slapshot by Miles Wood.
12:56 of 2nd period - Stopped by Thatcher Demko without a rebound.
12:57 of 2nd period - Logan Couture wins face-off versus Martin Necas in Calgary Flames zone.
13:28 of 2nd period - Wrist shot by Sidney Crosby.
13:28 of 2nd period - Shot Misses the Net.
13:30 of 2nd period - Snap shot by Patrik Laine.
13:30 of 2nd period - Stopped by Thatcher Demko without a rebound.
13:31 of 2nd period - Sidney Crosby wins face-off versus J.T. Miller in Calgary Flames zone.
14:19 of 2nd period - Slapshot by Tyson Jost.
14:19 of 2nd period - Stopped by Thatcher Demko without a rebound.
14:20 of 2nd period - Matty Beniers wins face-off versus Logan Couture in Calgary Flames zone.
14:23 of 2nd period - Wrist shot by Matty Beniers.
14:23 of 2nd period - Shot Misses the Net.
14:25 of 2nd period - Slapshot by Adam Fox.
14:25 of 2nd period - Shot Blocked by Travis Sanheim.
14:30 of 2nd period - Minor Penalty to Joel Eriksson Ek for Hooking.
14:31 of 2nd period - Zach Hyman wins face-off versus Sidney Crosby in Calgary Flames zone.
16:30 of 2nd period - Penalty to Joel Eriksson Ek is over, Joel Eriksson Ek is back on ice.
16:45 of 2nd period - Slapshot by Matty Beniers.
16:45 of 2nd period - Stopped by Thatcher Demko without a rebound.
16:46 of 2nd period - J.T. Miller wins face-off versus Matty Beniers in Calgary Flames zone.
16:48 of 2nd period - Icing by Max Pacioretty.
16:49 of 2nd period - J.T. Miller wins face-off versus Matty Beniers in Calgary Flames zone.
17:14 of 2nd period - Snap shot by Sidney Crosby.
17:14 of 2nd period - Shot Misses the Net.
17:36 of 2nd period - Snap shot by Rasmus Asplund.
17:36 of 2nd period - Stopped by Thatcher Demko with a rebound.
17:38 of 2nd period - Slapshot by Tyler Myers.
17:38 of 2nd period - Shot Blocked by Jeff Petry.
17:42 of 2nd period - Backhand shot by Adam Fox.
17:42 of 2nd period - Stopped by Thatcher Demko without a rebound.
17:43 of 2nd period - J.T. Miller wins face-off versus Filip Forsberg in Calgary Flames zone.
18:14 of 2nd period - Snap shot by Martin Necas.
18:14 of 2nd period - Shot Misses the Net.
18:54 of 2nd period - Wrist shot by J.T. Miller.
18:54 of 2nd period - Stopped by Jacob Markstrom with a rebound.
19:48 of 2nd period - Wrist shot by Sebastian Aho.
19:48 of 2nd period - Stopped by Jacob Markstrom with a rebound.
Goals for this period are 1 for Montreal Canadiens vs 0 for Calgary Flames.
Shots for this period are 18 for Montreal Canadiens vs 13 for Calgary Flames.
3rd period
0:01 of 3rd period - J.T. Miller wins face-off versus Sidney Crosby in neutral zone.
0:50 of 3rd period - Slapshot by Logan Couture.
0:50 of 3rd period - Shot Misses the Net.
0:52 of 3rd period - Slapshot by Ryan Ellis.
0:52 of 3rd period - Deflect By Christian Fischer.
0:52 of 3rd period - Stopped by Jacob Markstrom with a rebound.
0:54 of 3rd period - Slapshot by Ryan Ellis.
0:54 of 3rd period - Stopped by Jacob Markstrom with a rebound.
0:56 of 3rd period - Snap shot by Travis Sanheim.
0:56 of 3rd period - Shot Blocked by Scott Mayfield.
1:25 of 3rd period - Sidney Crosby is hit by Ryan McDonagh and loses puck.
1:52 of 3rd period - Wrist shot by Martin Necas.
1:52 of 3rd period - Stopped by Thatcher Demko with a rebound.
2:54 of 3rd period - Slapshot by J.T. Miller.
2:54 of 3rd period - Shot Blocked by Scott Mayfield.
2:56 of 3rd period - Snap shot by Max Pacioretty.
2:56 of 3rd period - Shot Misses the Net.
3:06 of 3rd period - Slapshot by Zach Hyman.
3:06 of 3rd period - Goal by Zach Hyman - Montreal Canadiens : 1 - Calgary Flames : 1.
3:07 of 3rd period - Sidney Crosby wins face-off versus Zach Hyman in neutral zone.
3:10 of 3rd period - Drew Doughty is hit by Patrik Laine and loses puck.
3:23 of 3rd period - Wrist shot by Zach Hyman.
3:23 of 3rd period - Shot Misses the Net.
3:46 of 3rd period - Icing by Drew Doughty.
3:47 of 3rd period - Sidney Crosby wins face-off versus J.T. Miller in Calgary Flames zone.
4:08 of 3rd period - Snap shot by Timo Meier.
4:08 of 3rd period - Stopped by Jacob Markstrom without a rebound.
4:09 of 3rd period - Sebastian Aho wins face-off versus Martin Necas in Montreal Canadiens zone.
4:18 of 3rd period - Snap shot by Zach Hyman.
4:18 of 3rd period - Shot Misses the Net.
4:20 of 3rd period - Slapshot by Kris Russell.
4:20 of 3rd period - Shot Misses the Net.
4:22 of 3rd period - Slapshot by Ryan McDonagh.
4:22 of 3rd period - Deflect By Valeri Nichushkin.
4:22 of 3rd period - Stopped by Jacob Markstrom without a rebound.
4:23 of 3rd period - Logan Couture wins face-off versus Sidney Crosby in Montreal Canadiens zone.
4:24 of 3rd period - Backhand shot by Joel Eriksson Ek.
4:24 of 3rd period - Stopped by Jacob Markstrom without a rebound.
4:25 of 3rd period - Sidney Crosby wins face-off versus Logan Couture in Montreal Canadiens zone.
4:25 of 3rd period - Sidney Crosby is hit by Joel Eriksson Ek.
4:31 of 3rd period - Mathieu Joseph is hit by Filip Forsberg and loses puck.
4:51 of 3rd period - Off-side.
4:52 of 3rd period - Sebastian Aho wins face-off versus Martin Necas in neutral zone.
4:55 of 3rd period - Miles Wood is hit by Zach Hyman and loses puck.
5:26 of 3rd period - Wrist shot by Sidney Crosby.
5:26 of 3rd period - Stopped by Thatcher Demko with a rebound.
5:28 of 3rd period - Wrist shot by Sidney Crosby.
5:28 of 3rd period - Stopped by Thatcher Demko with a rebound.
5:34 of 3rd period - Minor Penalty to Max Pacioretty for High sticking.
5:35 of 3rd period - Logan Couture wins face-off versus Sidney Crosby in Calgary Flames zone.
6:41 of 3rd period - Slapshot by Filip Forsberg.
6:41 of 3rd period - Shot Misses the Net.
6:55 of 3rd period - Wrist shot by Patrik Laine.
6:55 of 3rd period - Stopped by Thatcher Demko without a rebound.
6:56 of 3rd period - Logan Couture wins face-off versus Martin Necas in Calgary Flames zone.
7:34 of 3rd period - Penalty to Max Pacioretty is over, Max Pacioretty is back on ice.
7:45 of 3rd period - Slapshot by Drew Doughty.
7:45 of 3rd period - Stopped by Jacob Markstrom without a rebound.
7:46 of 3rd period - J.T. Miller wins face-off versus Matty Beniers in Montreal Canadiens zone.
8:02 of 3rd period - Icing by Kris Russell.
8:03 of 3rd period - Martin Necas wins face-off versus J.T. Miller in Calgary Flames zone.
8:54 of 3rd period - Minor Penalty to Scott Mayfield for Boarding.
8:55 of 3rd period - Sidney Crosby wins face-off versus J.T. Miller in Montreal Canadiens zone.
9:28 of 3rd period - Filip Forsberg is hit by Timo Meier and loses puck.
10:00 of 3rd period - Off-side.
10:01 of 3rd period - Mathieu Joseph wins face-off versus Christian Fischer in neutral zone.
10:05 of 3rd period - Off-side.
10:06 of 3rd period - Timo Meier wins face-off versus Filip Forsberg in neutral zone.
10:19 of 3rd period - Snap shot by Timo Meier.
10:19 of 3rd period - Stopped by Jacob Markstrom without a rebound.
10:20 of 3rd period - J.T. Miller wins face-off versus Sidney Crosby in Montreal Canadiens zone.
10:51 of 3rd period - Slapshot by Drew Doughty.
10:51 of 3rd period - Stopped by Jacob Markstrom without a rebound.
10:52 of 3rd period - Joel Eriksson Ek wins face-off versus Patrik Laine in Montreal Canadiens zone.
10:53 of 3rd period - Snap shot by Zach Hyman.
10:53 of 3rd period - Goal by Zach Hyman - Montreal Canadiens : 1 - Calgary Flames : 2.
10:54 of 3rd period - Sidney Crosby wins face-off versus Valeri Nichushkin in neutral zone.
10:57 of 3rd period - Sebastian Aho is hit by Patrik Laine and loses puck.
11:26 of 3rd period - Slapshot by Adam Fox.
11:26 of 3rd period - Deflect By Jeff Petry.
11:26 of 3rd period - Stopped by Thatcher Demko with a rebound.
12:03 of 3rd period - Icing by Drew Doughty.
12:04 of 3rd period - Nic Dowd wins face-off versus Tomas Nosek in Calgary Flames zone.
13:25 of 3rd period - Logan Couture is hit by Miles Wood and loses puck.
14:30 of 3rd period - Wrist shot by Martin Necas.
14:30 of 3rd period - Stopped by Thatcher Demko with a rebound.
14:42 of 3rd period - Wrist shot by Miles Wood.
14:42 of 3rd period - Goal by Miles Wood - Montreal Canadiens : 2 - Calgary Flames : 2.
14:43 of 3rd period - Patrik Laine wins face-off versus Valeri Nichushkin in neutral zone.
15:36 of 3rd period - Wrist shot by J.T. Miller.
15:36 of 3rd period - Stopped by Jacob Markstrom without a rebound.
15:37 of 3rd period - Sebastian Aho wins face-off versus Sidney Crosby in Montreal Canadiens zone.
16:16 of 3rd period - Wrist shot by Filip Forsberg.
16:16 of 3rd period - Shot Blocked by Kris Russell.
16:22 of 3rd period - Sidney Crosby is hit by Zach Hyman and loses puck.
16:29 of 3rd period - Slapshot by Sebastian Aho.
16:29 of 3rd period - Stopped by Jacob Markstrom without a rebound.
16:30 of 3rd period - Matty Beniers wins face-off versus J.T. Miller in Montreal Canadiens zone.
17:51 of 3rd period - Max Pacioretty is hit by Tomas Nosek and loses puck.
18:17 of 3rd period - J.T. Miller is hit by Alexandre Carrier and loses puck.
18:24 of 3rd period - Wrist shot by Jack Quinn.
18:24 of 3rd period - Goal by Jack Quinn - Montreal Canadiens : 3 - Calgary Flames : 2.
18:25 of 3rd period - Sidney Crosby wins face-off versus Logan Couture in neutral zone.
18:39 of 3rd period - Off-side.
18:40 of 3rd period - J.T. Miller wins face-off versus Matty Beniers in neutral zone.
18:43 of 3rd period - Wrist shot by J.T. Miller.
18:43 of 3rd period - Shot Misses the Net.
18:51 of 3rd period - Wrist shot by Timo Meier.
18:51 of 3rd period - Shot Misses the Net.
18:53 of 3rd period - Wrist shot by J.T. Miller.
18:53 of 3rd period - Shot Blocked by Matty Beniers.
18:55 of 3rd period - Snap shot by Max Pacioretty.
18:55 of 3rd period - Stopped by Jacob Markstrom without a rebound.
18:56 of 3rd period - Bruce Boudreau call a timeout for Calgary Flames.
18:56 of 3rd period - J.T. Miller wins face-off versus Sidney Crosby in Montreal Canadiens zone.
19:01 of 3rd period - Calgary Flames, Thatcher Demko is pulled from the net.
19:09 of 3rd period - Slapshot by Sebastian Aho.
19:09 of 3rd period - Shot Misses the Net.
19:17 of 3rd period - Wrist shot by Filip Forsberg.
19:17 of 3rd period - Goal by Filip Forsberg - Montreal Canadiens : 4 - Calgary Flames : 2.
19:17 of 3rd period - Thatcher Demko from Calgary Flames was sent back in the game.
19:18 of 3rd period - Logan Couture wins face-off versus Matty Beniers in neutral zone.
19:31 of 3rd period - Logan Couture is hit by Matty Beniers and loses puck.
19:37 of 3rd period - Icing by Joel Eriksson Ek.
19:38 of 3rd period - Martin Necas wins face-off versus Logan Couture in Calgary Flames zone.
19:41 of 3rd period - Slapshot by Miles Wood.
19:41 of 3rd period - Stopped by Thatcher Demko without a rebound.
19:42 of 3rd period - Logan Couture wins face-off versus Martin Necas in Calgary Flames zone.
19:51 of 3rd period - Wrist shot by Logan Couture.
19:51 of 3rd period - Shot Misses the Net.
19:53 of 3rd period - Slapshot by Ryan Ellis.
19:53 of 3rd period - Stopped by Jacob Markstrom without a rebound.
19:54 of 3rd period - Logan Couture wins face-off versus Matty Beniers in Montreal Canadiens zone.
Goals for this period are 3 for Montreal Canadiens vs 2 for Calgary Flames.
Shots for this period are 10 for Montreal Canadiens vs 14 for Calgary Flames.
Back to the Top